cohdb
Replays
Latest Replays
All Replays
Popular Replays
Top Player Replays
Match Explorer
How It Works
Community
CoH3 Stats
Reddit
Sign in to upload your games and track your stats! →
Sign in with Steam
Match 41609089
Unlisted
Match 41609089
Overview
Messages
Build Orders
End
Construct Barracks
Selects Armored Battlegroup
Engineer Squad
1⁄4-ton 4x4 Truck
Selects Veteran Crews
Riflemen Squad
Riflemen Squad
Grenade Package
Construct Medical Station
Riflemen Squad
Infantry Support Center
Construct Motor Pool
M8 Greyhound Armored Car
Selects Strength in Steel
M1 Anti-tank Gun Team
M1918 Browning Automatic Rifles
M1 Anti-tank Gun Team
Construct Tank Depot
Selects Field Repairs
Selects War Machine
Selects Seek and Destroy
Selects UNKNOWN (2160077)
M4A3E8 Sherman Easy Eight
Engineer Squad
M4A3E8 Sherman Easy Eight
Field Repairs
Engineer Squad
M4A3E8 Sherman Easy Eight
Field Repairs
M4A3E8 Sherman Easy Eight
Field Repairs
M4A3E8 Sherman Easy Eight
M4A3E8 Sherman Easy Eight
Herald of God Emperor Xi
Havoc
VonManteuffel
Heartless Jäger
0
0
Comments
sign in to comment!
No comments posted yet!